PL
VANCOUVER GREY WOLVES @ CHICAGO SILVER SOX
06/04/2038
 
TOP OF THE 1ST
Vancouver Grey Wolves batting - Pitching for Chicago Silver Sox : LHP Stanford McCain
Pitching: LHP Stanford McCain
Batting: RHB Urs van Munster 0-0: Ball
1-0: Swinging Strike
1-1: Called Strike
1-2: Fly out, F8 (Flyball, 8RM, EV 90.0 MPH)
Batting: LHB José Román 0-0: Reached on error, E4 (Groundball, 34, EV 110.6 MPH)
Batting: LHB Michael Malloy 0-0: Swinging Strike
0-1: Called Strike
0-2: Foul Ball, location: 2F
0-2: Ball
1-2: Ball
2-2: Foul Ball, location: 2F
2-2: Fly out, F7 (Line Drive, 7, EV 96.9 MPH)
Batting: RHB Oliver Villalva 0-0: Called Strike
0-1: Ball
1-1: 2-RUN HOME RUN (Flyball, 7D, EV 101.9 MPH), Distance : 377 ft
Batting: LHB Johan Kroening 0-0: Ball
1-0: Ground out 6-3 (Groundball, 4M, EV 89.4 MPH)
Top of the 1st over - 2 runs, 1 hit, 1 error, 0 left on base; Vancouver 2 - Chicago 0
BOTTOM OF THE 1ST
Chicago Silver Sox batting - Pitching for Vancouver Grey Wolves : RHP Yoo-chul Mun
Pitching: RHP Yoo-chul Mun
Batting: RHB Melvin Thomas 0-0: Ball
1-0: Swinging Strike
1-1: Ground out 4-3 (Groundball, 4M, EV 101.2 MPH)
Batting: RHB Manuel Ramos 0-0: Foul Ball, location: 2F
0-1: Ball
1-1: Fly out, F8 (Flyball, 89D, EV 100.6 MPH)
Batting: LHB Jonathan Gunner 0-0: Ball
1-0: Ball
2-0: Foul Ball, location: 2F
2-1: Foul Ball, location: 2F
2-2: Foul Ball, location: 2F
2-2: Ball
3-2: Foul Ball, location: 2F
3-2: Base on Balls
Batting: LHB Larry McLambroch 0-0: SINGLE (Groundball, 4MD, EV 101.2 MPH)
Jonathan Gunner to second
Runner from 2nd tries for 3rd, OUT! 8-5
Bottom of the 1st over - 0 runs, 1 hit, 0 errors, 1 left on base; Vancouver 2 - Chicago 0
TOP OF THE 2ND
Vancouver Grey Wolves batting - Pitching for Chicago Silver Sox : LHP Stanford McCain
Batting: RHB Ángelo Delgado 0-0: Called Strike
0-1: Ball
1-1: Ball
2-1: Foul Ball, location: 2F
2-2: Foul Ball, location: 2F
2-2: Foul Ball, location: 2F
2-2: Ball
3-2: Strikes out swinging
Batting: RHB Juanito González 0-0: Called Strike
0-1: Foul Ball, location: 2F
0-2: Ball
1-2: Ground out 6-3 (Groundball, 6, EV 106.2 MPH)
Batting: RHB Richard Jost 0-0: Swinging Strike
0-1: Ball
1-1: Foul Ball, location: 2F
1-2: SINGLE (Line Drive, 9LS, EV 108.1 MPH)
Batting: RHB José de la Cavallería 0-0: Ball
1-0: Called Strike
1-1: Swinging Strike
1-2: Ball
2-2: Ball
3-2: Strikes out swinging
Top of the 2nd over - 0 runs, 1 hit, 0 errors, 1 left on base; Vancouver 2 - Chicago 0
BOTTOM OF THE 2ND
Chicago Silver Sox batting - Pitching for Vancouver Grey Wolves : RHP Yoo-chul Mun
Batting: LHB Chris Fitzgerald 0-0: Called Strike
0-1: Ball
1-1: Ball
2-1: Foul Ball, location: 2F
2-2: Strikes out swinging
Batting: RHB Fortunato Rasquinha 0-0: Ball
1-0: Ball
2-0: Ground out 5-3 (Groundball, 5L, EV 77.5 MPH)
Batting: LHB Michael Witt 0-0: Foul Ball, location: 2F
0-1: Swinging Strike
0-2: Strikes out swinging
Bottom of the 2nd over - 0 runs, 0 hits, 0 errors, 0 left on base; Vancouver 2 - Chicago 0
TOP OF THE 3RD
Vancouver Grey Wolves batting - Pitching for Chicago Silver Sox : LHP Stanford McCain
Batting: RHB Urs van Munster 0-0: Ball
1-0: Ball
2-0: Called Strike
2-1: Ball
3-1: Base on Balls
Batting: LHB José Román 0-0: Ball
1-0: Foul Ball, location: 2F
1-1: Foul Ball, location: 2F
1-2: Ball
2-2: Fielders Choice at 2nd, 1-6 (Groundball, 34S, EV 71.2 MPH)
Batting: LHB Michael Malloy 0-0: Foul Ball, location: 2F
0-1: Ball
1-1: Called Strike
1-2: Ball
Wild Pitch!
José Román to second
2-2: Ground out 6-3 (Groundball, 6, EV 83.8 MPH)
Batting: RHB Oliver Villalva 0-0: Ball
1-0: Called Strike
1-1: SINGLE (Groundball, 56D, EV 97.5 MPH)
José Román to third
Runner from 3rd tries for Home, SAFE, throw by LF to home
Batting: LHB Johan Kroening 0-0: Ball
1-0: Called Strike
1-1: Ball
2-1: Swinging Strike
2-2: Strikes out looking
Top of the 3rd over - 1 run, 1 hit, 0 errors, 1 left on base; Vancouver 3 - Chicago 0
BOTTOM OF THE 3RD
Chicago Silver Sox batting - Pitching for Vancouver Grey Wolves : RHP Yoo-chul Mun
Batting: RHB Garm van Opdorp 0-0: Swinging Strike
0-1: Called Strike
0-2: Ball
1-2: Strikes out looking
Batting: RHB Ricardo Mireles 0-0: Ball
1-0: SINGLE (Groundball, 56D, EV 101.2 MPH)
Batting: RHB Melvin Thomas 0-0: Ball
1-0: Swinging Strike
1-1: Ball
2-1: Grounds into double play, 6-4-3 (Groundball, 6, EV 81.9 MPH)
Bottom of the 3rd over - 0 runs, 1 hit, 0 errors, 0 left on base; Vancouver 3 - Chicago 0
TOP OF THE 4TH
Vancouver Grey Wolves batting - Pitching for Chicago Silver Sox : LHP Stanford McCain
Batting: RHB Ángelo Delgado 0-0: Ball
1-0: Foul Ball, location: 2F
1-1: Fly out, F8 (Line Drive, 8LM, EV 109.4 MPH)
Batting: RHB Juanito González 0-0: Ball
1-0: Fly out, F8 (Line Drive, 8LD, EV 85.0 MPH)
Batting: RHB Richard Jost 0-0: Ball
1-0: Ball
2-0: Foul Ball, location: 2F
2-1: Ball
3-1: Foul Ball, location: 2F
3-2: Fly out, F8 (Line Drive, 8RD, EV 102.5 MPH)
Top of the 4th over - 0 runs, 0 hits, 0 errors, 0 left on base; Vancouver 3 - Chicago 0
BOTTOM OF THE 4TH
Chicago Silver Sox batting - Pitching for Vancouver Grey Wolves : RHP Yoo-chul Mun
Batting: RHB Manuel Ramos 0-0: Ball
1-0: Foul Ball, location: 2F
1-1: Ball
2-1: SINGLE (Groundball, 5S, EV 78.1 MPH) (infield hit)
Batting: LHB Jonathan Gunner 0-0: Called Strike
Manuel Ramos steals 2nd base
0-1: Swinging Strike
0-2: Fly out, F7 (Flyball, 7LSF, EV 92.5 MPH)
Batting: LHB Larry McLambroch 0-0: Swinging Strike
0-1: Ground out 5-3 (Groundball, 56, EV 79.4 MPH)
Batting: LHB Chris Fitzgerald 0-0: Called Strike
0-1: Ball
1-1: Ball
2-1: Foul Ball, location: 2F
2-2: Fly out, F7 (Flyball, 7LS, EV 95.6 MPH)
Bottom of the 4th over - 0 runs, 1 hit, 0 errors, 1 left on base; Vancouver 3 - Chicago 0
TOP OF THE 5TH
Vancouver Grey Wolves batting - Pitching for Chicago Silver Sox : LHP Stanford McCain
Batting: RHB José de la Cavallería 0-0: Ball
1-0: Swinging Strike
1-1: Swinging Strike
1-2: Foul Ball, location: 2F
1-2: Strikes out looking
Batting: RHB Urs van Munster 0-0: Ball
1-0: Ball
2-0: SINGLE (Groundball, 6MD, EV 103.1 MPH)
Batting: LHB José Román 0-0: Ball
1-0: Called Strike
Urs van Munster steals 2nd base
1-1: SINGLE (Line Drive, 4MD, EV 98.1 MPH)
Urs van Munster to third
Runner from 3rd tries for Home, SAFE, no throw by CF
Batting: LHB Michael Malloy 0-0: Ball
1-0: Called Strike
1-1: Foul Ball, location: 2F
1-2: Ball
2-2: Ball
3-2: Foul Ball, location: 2F
3-2: SINGLE (Groundball, 6D, EV 103.1 MPH)
José Román to second
Batting: RHB Oliver Villalva 0-0: Ball
1-0: Called Strike
1-1: Ball
2-1: 3-RUN HOME RUN (Flyball, 7D, EV 91.2 MPH), Distance : 371 ft
Pitching: RHP Julián Moreno
Batting: LHB Johan Kroening 0-0: Ball
1-0: Called Strike
1-1: Ball
2-1: Foul Ball, location: 2F
2-2: Foul Ball, location: 2F
2-2: Ball
3-2: Foul Ball, location: 2F
3-2: Strikes out swinging
Batting: RHB Ángelo Delgado 0-0: Called Strike
0-1: Ball
1-1: Called Strike
1-2: Foul Ball, location: 2F
1-2: Foul Ball, location: 2F
1-2: Strikes out swinging
Top of the 5th over - 4 runs, 4 hits, 0 errors, 0 left on base; Vancouver 7 - Chicago 0
BOTTOM OF THE 5TH
Chicago Silver Sox batting - Pitching for Vancouver Grey Wolves : RHP Yoo-chul Mun
Batting: RHB Fortunato Rasquinha 0-0: Called Strike
0-1: Foul Ball, location: 2F
0-2: SINGLE (Groundball, 4MD, EV 100.6 MPH)
Batting: LHB Michael Witt 0-0: Called Strike
0-1: Ball
1-1: Ball
2-1: Ball
3-1: Foul Ball, location: 2F
3-2: Fielders Choice at 2nd, 3-6 (Groundball, 3, EV 90.6 MPH)
Batting: RHB Garm van Opdorp 0-0: Called Strike
Michael Witt steals 2nd base (no throw)
0-1: Called Strike
0-2: Fly out, F8 (Flyball, 8RD, EV 98.8 MPH)
Batting: RHB Ricardo Mireles 0-0: Ground out 6-3 (Groundball, 6, EV 88.1 MPH)
Bottom of the 5th over - 0 runs, 1 hit, 0 errors, 1 left on base; Vancouver 7 - Chicago 0
TOP OF THE 6TH
Vancouver Grey Wolves batting - Pitching for Chicago Silver Sox : RHP Julián Moreno
Batting: RHB Juanito González 0-0: Ball
1-0: Ball
2-0: Reached on error, E5 (Groundball, 56S, EV 75.0 MPH)
Batting: RHB Richard Jost 0-0: Ball
Juanito González steals 2nd base
1-0: Ball
2-0: Foul Ball, location: 2F
2-1: Called Strike
2-2: Strikes out swinging
Batting: RHB José de la Cavallería 0-0: DOUBLE (Line Drive, 89D, EV 108.1 MPH)
Juanito González scores
Batting: RHB Urs van Munster 0-0: Called Strike
0-1: Ground out 5-3 (Groundball, 5, EV 87.5 MPH)
Batting: LHB José Román 0-0: Ball
1-0: Called Strike
1-1: Ball
2-1: SINGLE (Groundball, 4D, EV 106.2 MPH)
José de la Cavallería to third
Runner from 3rd tries for Home, SAFE, throw by RF to home
Batting: LHB Michael Malloy 0-0: Swinging Strike
0-1: Called Strike
0-2: Ball
1-2: Ball
2-2: Foul Ball, location: 2F
2-2: Fly out, F8 (Flyball, 8LM, EV 85.0 MPH)
Top of the 6th over - 2 runs, 2 hits, 1 error, 1 left on base; Vancouver 9 - Chicago 0
BOTTOM OF THE 6TH
Chicago Silver Sox batting - Pitching for Vancouver Grey Wolves : RHP Yoo-chul Mun
Batting: RHB Melvin Thomas 0-0: Ball
1-0: SINGLE (Groundball, 6D, EV 98.1 MPH)
Batting: RHB Manuel Ramos 0-0: Foul Ball, location: 2F
0-1: Called Strike
0-2: Strikes out swinging
Batting: LHB Jonathan Gunner 0-0: Ball
1-0: Ball
2-0: Foul Ball, location: 2F
2-1: Ball
3-1: Foul Ball, location: 2F
3-2: DOUBLE (Line Drive, 89M, EV 106.2 MPH)
Melvin Thomas to third
Runner from 3rd tries for Home, SAFE, throw by RF to trailing runner, SAFE at third!
Batting: LHB Larry McLambroch 0-0: Foul Ball, location: 2F
0-1: Ball
1-1: Ground out U3 (Groundball, 34, EV 83.1 MPH)
Jonathan Gunner scores
Batting: LHB Chris Fitzgerald 0-0: Ball
1-0: Foul Ball, location: 2F
1-1: Ground out 4-3 (Groundball, 4, EV 101.2 MPH)
Bottom of the 6th over - 2 runs, 2 hits, 0 errors, 0 left on base; Vancouver 9 - Chicago 2
TOP OF THE 7TH
Vancouver Grey Wolves batting - Pitching for Chicago Silver Sox : RHP Julián Moreno
Batting: RHB Oliver Villalva 0-0: Swinging Strike
0-1: Foul Ball, location: 2F
0-2: Foul Ball, location: 2F
0-2: Ball
1-2: Fly out, F7 (Flyball, 7S, EV 93.8 MPH)
Batting: LHB Johan Kroening 0-0: SINGLE (Groundball, 34D, EV 96.9 MPH)
Pitching: RHP Miguel Aguilar
Batting: RHB Ángelo Delgado 0-0: Ball
1-0: Foul Ball, location: 2F
1-1: Grounds into double play, 4-6-3 (Groundball, 4, EV 83.8 MPH)
Top of the 7th over - 0 runs, 1 hit, 0 errors, 0 left on base; Vancouver 9 - Chicago 2
BOTTOM OF THE 7TH
Chicago Silver Sox batting - Pitching for Vancouver Grey Wolves : RHP Yoo-chul Mun
Pitching: RHP Hiroaki Kouda
Batting: RHB Fortunato Rasquinha 0-0: Ball
1-0: Ball
2-0: Fly out, F8 (Flyball, 89XD, EV 103.1 MPH)
Batting: LHB Michael Witt 0-0: Ball
1-0: Foul Ball, location: 2F
1-1: Ball
2-1: Reached on error, E3 (Groundball, 34, EV 88.8 MPH)
Batting: RHB Garm van Opdorp 0-0: Called Strike
0-1: Foul Ball, location: 2F
0-2: Ball
1-2: Ball
2-2: Grounds into double play, 4-6-3 (Groundball, 4, EV 101.9 MPH)
Bottom of the 7th over - 0 runs, 0 hits, 1 error, 0 left on base; Vancouver 9 - Chicago 2
TOP OF THE 8TH
Vancouver Grey Wolves batting - Pitching for Chicago Silver Sox : RHP Miguel Aguilar
Batting: RHB Juanito González 0-0: Foul Ball, location: 2F
0-1: Ball
1-1: Ground out 4-3 (Groundball, 4, EV 105.0 MPH)
Batting: RHB Richard Jost 0-0: Foul Ball, location: 2F
0-1: Ground out 6-3 (Groundball, 6, EV 86.9 MPH)
Batting: RHB José de la Cavallería 0-0: SINGLE (Flyball, 9S, EV 88.8 MPH)
Batting: RHB Urs van Munster 0-0: Foul Ball, location: 2F
0-1: Foul Ball, location: 2F
0-2: Ball
1-2: SINGLE (Groundball, 3L, EV 107.5 MPH)
José de la Cavallería to second
Batting: LHB José Román 0-0: Ball
1-0: Swinging Strike
1-1: Foul Ball, location: 2F
1-2: Ground out U3 (Groundball, 3, EV 101.2 MPH)
Top of the 8th over - 0 runs, 2 hits, 0 errors, 2 left on base; Vancouver 9 - Chicago 2
BOTTOM OF THE 8TH
Chicago Silver Sox batting - Pitching for Vancouver Grey Wolves : RHP Hiroaki Kouda
Batting: RHB Ricardo Mireles 0-0: Fly out, F7 (Flyball, 7S, EV 79.4 MPH)
Batting: RHB Melvin Thomas 0-0: Foul Ball, location: 2F
0-1: Ball
1-1: Ball
2-1: SOLO HOME RUN (Flyball, 7LD, EV 88.1 MPH), Distance : 372 ft
Batting: RHB Manuel Ramos 0-0: Called Strike
0-1: Ball
1-1: Called Strike
1-2: Foul Ball, location: 2F
1-2: Foul Ball, location: 2F
1-2: Ball
2-2: Ball
3-2: Ground out 1-3 (Groundball, 15, EV 92.5 MPH)
Batting: LHB Jonathan Gunner 0-0: Ball
1-0: SINGLE (Line Drive, 3D, EV 98.8 MPH)
Batting: LHB Larry McLambroch 0-0: Called Strike
0-1: Swinging Strike
0-2: Foul Ball, location: 2F
0-2: Ball
1-2: Strikes out swinging
Bottom of the 8th over - 1 run, 2 hits, 0 errors, 1 left on base; Vancouver 9 - Chicago 3
TOP OF THE 9TH
Vancouver Grey Wolves batting - Pitching for Chicago Silver Sox : RHP Miguel Aguilar
Pitching: RHP Shang-de Fu
Batting: LHB Michael Malloy 0-0: Foul Ball, location: 2F
0-1: Fly out, F5 (Popup, 5L, EV 59.4 MPH)
Batting: RHB Oliver Villalva 0-0: Swinging Strike
0-1: Foul Ball, location: 2F
0-2: Fly out, F9 (Flyball, 9D, EV 110.0 MPH)
Batting: LHB Johan Kroening 0-0: Called Strike
0-1: Swinging Strike
0-2: Foul Ball, location: 2F
0-2: Foul Ball, location: 2F
0-2: Fly out, F7 (Flyball, 7S, EV 85.0 MPH)
Top of the 9th over - 0 runs, 0 hits, 0 errors, 0 left on base; Vancouver 9 - Chicago 3
BOTTOM OF THE 9TH
Chicago Silver Sox batting - Pitching for Vancouver Grey Wolves : RHP Hiroaki Kouda
Pitching: RHP Ambrose Randall
Batting: LHB Chris Fitzgerald 0-0: Foul Ball, location: 2F
0-1: Fly out, F7 (Line Drive, 7, EV 101.9 MPH)
Batting: RHB Fortunato Rasquinha 0-0: Ground out 4-3 (Groundball, 4, EV 82.5 MPH)
Batting: LHB Michael Witt 0-0: Ball
1-0: Ball
2-0: Called Strike
2-1: SINGLE (Line Drive, 34D, EV 96.9 MPH)
Batting: RHB Garm van Opdorp 0-0: Called Strike
0-1: SINGLE (Groundball, 34D, EV 101.9 MPH)
Michael Witt to second
Batting: RHB Ricardo Mireles 0-0: Called Strike
0-1: DOUBLE (Groundball, 5L, EV 100.6 MPH)
Michael Witt scores
Garm van Opdorp to third
Batting: RHB Melvin Thomas 0-0: Foul Ball, location: 2F
0-1: Ball
1-1: Ground out 1-3 (Groundball, 13S, EV 69.4 MPH)
Bottom of the 9th over - 1 run, 3 hits, 0 errors, 2 left on base; Vancouver 9 - Chicago 4
Friday, April 17th, 2020 - OOTP Baseball 20.8 Build 74